 Dungeon Crawl Stone Soup version 0.30-a0-739-gea05faddec (webtiles) character file.

Game seed: 15528810094496746357

4298 pokeman the Thaumaturge (level 10, -1/56 HPs)
             Began as a Deep Elf Hedge Wizard on Feb 4, 2023.
             Slain by Erica
             ... wielding a +1 scimitar of flaming
              (3 damage)
             ... on level 10 of the Dungeon.
             The game lasted 00:19:43 (10344 turns).

pokeman the Thaumaturge (Deep Elf Hedge Wizard)    Turns: 10344, Time: 00:19:44

Health: -1/56      AC:  7    Str:  7    XL:     10   Next: 11%
Magic:  17/28      EV: 13    Int: 24    God:
Gold:   436        SH:  0    Dex: 14    Spells: 21/34 levels left

rFire   . . .      SeeInvis .    q - +4 quarterstaff (chaos)
rCold   . . .      Faith    .    (shield currently unavailable)
rNeg    . . .      Spirit   .    n - +2 robe {Will+}
rPois   .          Reflect  .    c - +0 hat
rElec   .          Harm     .    r - +0 cloak
rCorr   +          Rampage  .    O - +0 pair of gloves
Will    ++...                    C - +0 pair of boots
Stlth   ++                       (no amulet)
HPRegen 0.29/turn                m - ring of flight
MPRegen 0.21/turn                E - ring of resist corrosion

@: flying
A: no striking features
a: no special abilities


You were on level 10 of the Dungeon.
You visited 1 branch of the dungeon, and saw 10 of its levels.

You collected 436 gold pieces.

Inventory:

Hand Weapons
 q - a +4 quarterstaff of chaos (weapon)
Armour
 c - a +0 hat (worn)
 n - a +2 robe of willpower (worn)
 r - a +0 cloak (worn)
 A - a +0 buckler
 C - a +0 pair of boots (worn)
 J - +0 steam dragon scales
 O - a +0 pair of gloves (worn)
Magical Staves
 N - a staff of poison
Jewellery
 m - a ring of flight (left hand)
 E - a ring of resist corrosion (right hand)
 F - a ring of see invisible
 G - a +6 ring of intelligence
 K - a +6 ring of strength
Wands
 z - a wand of quicksilver (13)
 D - a wand of flame (25)
 H - a wand of iceblast (25)
 L - a wand of paralysis (5)
Scrolls
 h - a scroll of enchant weapon {unknown}
 i - 4 scrolls of blinking {unknown}
 j - 2 scrolls of fog {unknown}
 k - 5 scrolls of magic mapping {unknown}
 l - 11 scrolls of identify {unknown}
 p - 2 scrolls of poison {unknown}
 s - 3 scrolls of immolation {unknown}
 u - 2 scrolls of amnesia {unknown}
 v - 2 scrolls of brand weapon {unknown}
 w - 2 scrolls of silence {unknown}
 x - 2 scrolls of enchant armour {unknown}
 y - a scroll of fear {unknown}
 B - 2 scrolls of teleportation {unknown}
 I - a scroll of butterflies {unknown}
Potions
 a - a potion of ambrosia {unknown}
 b - 7 potions of curing {unknown}
 d - 2 potions of magic
 e - 2 potions of invisibility {unknown}
 f - 4 potions of degeneration {unknown}
 g - 2 potions of might {unknown}
 o - 2 potions of attraction {unknown}
 t - 4 potions of heal wounds {unknown}
 M - 3 potions of haste {unknown}
 P - a potion of flight {unknown}
 Q - a potion of lignification {unknown}


   Skills:
 - Level 3.0 Fighting
 - Level 3.0 Armour
 - Level 4.0 Dodging
 - Level 3.0 Stealth
 + Level 2.3 Shields
 * Level 12.8 Spellcasting
 + Level 7.2 Conjurations
 + Level 6.0 Summonings
 - Level 1.1 Translocations
 + Level 0.0 Ice Magic
 - Level 1.1 Air Magic
 - Level 1.0 Poison Magic
 - Level 1.2 Evocations


You had 21 spell levels left.
You knew the following spells:

 Your Spells              Type           Power      Damage    Failure   Level
a - Magic Dart            Conj           100%       1d8       1%          1
b - Mephitic Cloud        Conj/Pois/Air  30%        N/A       3%          3
c - Call Imp              Summ           44%        N/A       1%          2
d - Blink                 Tloc           40%        N/A       3%          2
e - Freezing Cloud        Conj/Ice/Air   14%        6-21      34%         5

Your spell library contained the following spells:

 Spells                   Type           Power      Damage    Failure   Level
 Summon Small Mammal      Summ           100%       N/A       1%          1
 Apportation              Tloc           40%        N/A       2%          1
 Lesser Beckoning         Tloc           40%        N/A       3%          2
 Necrotise                Necr           60%        1d7       4%          1
 Slow                     Hex            60%        N/A       4%          1
 Cigotuvi's Dreadful Rot  Necr/Pois/Air  36%        N/A       4%          2
 Gell's Gravitas          Tloc           20%        N/A       8%          3
 Teleport Other           Tloc           20%        N/A       8%          3
 Kindle Blastsparks       Fire/Tloc/Air  38%        2d13      9%          3
 Ignite Poison            Fire/Tmut/Pois 17%        N/A       11%         3
 Ozocubu's Armour         Ice            15%        N/A       12%         3


Dungeon Overview and Level Annotations

Branches:
Dungeon (10/15)            Temple (0/1) D:6            Lair (0/5) D:8
    Orc: D:9-12

Altars:
Cheibriados
Dithmenos
Fedhas
Vehumet
Yredelemnul

Annotations:
D:8 Loot behind rock
D:10 Erica


Message History

Casting: Mephitic Cloud (dangerous; 3% risk of failure)
Confirm with . or Enter, or press ? or * to list all spells.
Aiming: Magic Dart (safe; 1% risk of failure)
Press: ? - help, Shift-Dir - straight line, f/p - Erica
Aim: Erica, wielding a +1 scimitar of flaming and wearing a +0 robe (confused, 100% to hit)
The magic dart hits Erica!
Erica is lightly wounded.
You hit Erica.
Erica is moderately wounded.
Erica screams, "I'll kill you anyway!"
Casting: Magic Dart (safe; 1% risk of failure)
Confirm with . or Enter, or press ? or * to list all spells.
Aiming: Mephitic Cloud (dangerous; 3% risk of failure)
Press: ? - help, Shift-Dir - straight line, f/p - Erica
Aim: Erica, wielding a +1 scimitar of flaming and wearing a +0 robe (moderately wounded, confused, chance to affect: 58%)
The ball explodes into a vile cloud!
The stinking cloud engulfs Erica but does no damage.
Erica is moderately wounded.
The stinking cloud engulfs the orc warrior but does no damage.
You hear a shout!
Erica seems less confused.
Erica is engulfed in noxious fumes.
You hit Erica but do no damage.
Erica is moderately wounded.
The orc priest calls down the wrath of Beogh upon you.
Beogh smites you!
* * * LOW HITPOINT WARNING * * *
Erica is engulfed in noxious fumes.
Erica hits you with a +1 scimitar of flaming.
* * * LOW HITPOINT WARNING * * *
Erica burns you.
* * * LOW HITPOINT WARNING * * *
The orc warrior is engulfed in noxious fumes.
The orc warrior appears confused.
The orc warrior hits Erica with a +0 short sword!
The orc warrior hits itself with a +0 short sword!
Erica is engulfed in noxious fumes.
Erica hits you with a +1 scimitar of flaming!
* * * LOW HITPOINT WARNING * * *
Erica burns you.
You die...

##+###### ##+###
#........ o##
#....#####........
o.o..###@...'...'........
#ooo@....#####........
#####....# #........
#....# ######### #....#
##+###


You could see Erica, an orc warrior (confused), an orc priest and an orc.

Vanquished Creatures
  Maggie (D:7)
  A hornet (D:8)
  Prince Ribbit (D:7)
  Menkaure (D:4)
  An acid dragon (D:9)
  2 water moccasins
  An orc warrior (D:9)
  2 ogres
  2 black bears
  A centaur (D:8)
  A phantom (D:4)
  A kobold brigand (D:8)
  6 bullfrogs (D:8)
  3 scorpions
  8 wights
  13 killer bees
  A hound (D:6)
  3 orc priests
  A jelly (D:8)
  Crazy Yiuf (D:2)
  2 iguanas (D:5)
  Ijyb (D:4)
  2 orc wizards
  A mummy (D:7)
  10 gnolls
  5 adders
  A shadow imp (D:6)
  2 white imps (D:6)
  A dart slug (D:4)
  20 orcs
  5 endoplasms
  2 giant cockroaches
  7 goblins
  7 hobgoblins
  4 jackals (D:1)
  4 quokkas
  5 ball pythons
  2 bats (D:2)
  A frilled lizard (D:1)
  13 kobolds
  3 rats
149 creatures vanquished.

Vanquished Creatures (collateral kills)
  A wraith (D:9)
  A water moccasin (D:4)
  A gnoll sergeant (D:6)
  2 killer bees (D:8)
  An orc wizard (D:9)
  A gnoll (D:6)
  An orc (D:7)
8 creatures vanquished.

Vanquished Creatures (others)
  38 fungi (D:8)
  43 plants (D:8)
81 creatures vanquished.

Grand Total: 238 creatures vanquished

Notes
Turn   | Place    | Note
-------+----------+-------------------------------------------
     0 | D:1      | pokeman the Deep Elf Hedge Wizard began the quest for the
                  | Orb.
     0 | D:1      | Reached XP level 1. HP: 10/10 MP: 7/7
     2 | D:1      | Got the Secrets of Freezing and Anemomancy
   509 | D:1      | Reached XP level 2. HP: 16/16 MP: 6/9
   978 | D:1      | Found a faded altar of an unknown god.
  1508 | D:2      | Reached skill level 5 in Spellcasting
  1637 | D:2      | Reached XP level 3. HP: 15/20 MP: 7/11
  1641 | D:2      | Learned a level 3 spell: Mephitic Cloud
  1644 | D:2      | Learned a level 2 spell: Call Imp
  1647 | D:2      | Learned a level 2 spell: Blink
  2233 | D:2      | Reached skill level 1 in Armour
  2289 | D:2      | Found a runed translucent door.
  2290 | D:2      | Noticed Crazy Yiuf
  2560 | D:2      | Killed Crazy Yiuf
  2561 | D:2      | Reached skill level 1 in Fighting
  2561 | D:2      | Reached XP level 4. HP: 12/25 MP: 7/13
  3335 | D:3      | Found a faded altar of an unknown god.
  3340 | D:3      | Found a basalt altar of Yredelemnul.
  3835 | D:4      | Noticed Menkaure
  3843 | D:4      | Killed Menkaure
  3844 | D:4      | Reached skill level 6 in Spellcasting
  3844 | D:4      | Reached XP level 5. HP: 2/30 MP: 8/16
  3980 | D:4      | Noticed Ijyb
  3996 | D:4      | Killed Ijyb
  3997 | D:4      | Reached XP level 6. HP: 35/35 MP: 9/17
  4273 | D:4      | Noticed a water moccasin
  4289 | D:4      | Killed a water moccasin
  4290 | D:4      | Reached skill level 7 in Spellcasting
  4560 | D:4      | Reached skill level 1 in Evocations
  4560 | D:4      | Reached XP level 7. HP: 39/39 MP: 12/20
  4735 | D:5      | Entered Level 5 of the Dungeon
  4767 | D:5      | Reached skill level 1 in Poison Magic
  5224 | D:5      | Reached skill level 8 in Spellcasting
  5224 | D:5      | Reached skill level 1 in Air Magic
  5387 | D:5      | Found a radiant altar of Vehumet.
  5769 | D:5      | Reached skill level 1 in Shields
  6034 | D:6      | Found a staircase to the Ecumenical Temple.
  6252 | D:6      | Reached XP level 8. HP: 44/44 MP: 18/22
  6263 | D:6      | Upgraded the game from 0.30-a0-738-g116ff8c4af to
                  | 0.30-a0-739-gea05faddec
  6296 | D:6      | Reached skill level 9 in Spellcasting
  6532 | D:6      | Found a blossoming altar of Fedhas.
  7002 | D:7      | Noticed Prince Ribbit
  7015 | D:7      | Killed Prince Ribbit
  7016 | D:7      | Reached skill level 5 in Conjurations
  7180 | D:7      | Found a snail-covered altar of Cheibriados.
  7529 | D:7      | Reached skill level 10 in Spellcasting
  7596 | D:7      | Noticed Maggie
  7617 | D:7      | Killed Maggie
  8105 | D:8      | Reached XP level 9. HP: 41/48 MP: 16/25
  8271 | D:8      | Reached skill level 11 in Spellcasting
  8495 | D:8      | Found a shadowy altar of Dithmenos.
  8518 | D:8      | Found a staircase to the Lair.
  8609 | D:8      | Reached skill level 5 in Summonings
  9014 | D:9      | Reached skill level 12 in Spellcasting
  9399 | D:9      | Reached XP level 10. HP: 32/55 MP: 13/28
 10268 | D:9      | Learned a level 5 spell: Freezing Cloud
 10296 | D:10     | Entered Level 10 of the Dungeon
 10301 | D:10     | Noticed a two-headed ogre
 10333 | D:10     | Noticed Erica
 10344 | D:10     | HP: 2/56 [Erica/+1 scimitar of flaming (7)]
 10344 | D:10     | Slain by Erica

Illustrated notes

Levels and vault maps discovered:
D:1:      dpeg_arrival_round_a, layout_basic,
          shapermc_ecumenical_altar_mp_vishouse
D:2:      minmay_kobold_bridge, layout_basic, nicolae_elevator_lobby_plus,
          uniq_crazy_yiuf_cottage
D:3:      layout_basic, nicolae_overflow_ecumenical_swirl, chequers_mini_garden,
          minmay_stone_trees_small
D:4:      layout_basic, chequers_serial_rivers_large_a, uniq_menkaure, uniq_ijyb
D:5:      layout_cave_pods, nicolae_overflow_hidden_temple
D:6:      layout_loops_ring, fedhas_altar_2, minmay_temple_entry_steel_oval,
          kennysheep_generic_room_9
D:7:      layout_loops_ring, slow_altar_1, uniq_prince_ribbit1, uniq_maggie
D:8:      layout_loops_cross, lemuel_doored_altar, due_lair_maze_entry_diamond,
          minivault_21
D:9:      layout_basic, dk_rats_in_the_wall
D:10:     layout_roguey, uniq_josephine, uniq_erica, uniq_lodul

Skill      XL: |  1  2  3  4  5  6  7  8  9 10 |
---------------+-------------------------------+-----
Spellcasting   | 5 6 7 8 10 12 | 12.8
Armour         | 1 2 3 |  3.0
Conjurations   | 2 3 4 5 7 |  7.2
Fighting       | 1 2 3 |  3.0
Dodging        | 3 4 |  4.0
Stealth        | 3 |  3.0
Evocations     | 1 |  1.2
Poison Magic   | 1 |  1.0
Air Magic      | 1 |  1.1
Shields        | 1 2 |  2.3
Summonings     | 2 4 5 6 |  6.0
Translocations | |  1.1

Action                     |  1- 3 |  4- 6 |  7- 9 | 10-12 || total
---------------------------+-------+-------+-------+-------++-------
  Melee: Dagger            |    20 |       |       |       ||    20
         Quarterstaff      |       |    20 |   106 |    26 ||   152
   Cast: Magic Dart        |    87 |    73 |   221 |    18 ||   399
         Mephitic Cloud    |     1 |     3 |    32 |     4 ||    40
         Call Imp          |     1 |     4 |     8 |     7 ||    20
         Blink             |       |     2 |     2 |       ||     4
  Evoke: Wand              |       |       |     6 |     1 ||     7
   Stab: Sleeping          |     1 |       |       |       ||     1
         Confused          |     1 |       |     9 |       ||    10
         Distracted        |       |     1 |       |       ||     1
         Paralysed         |       |       |    16 |     2 ||    18
 Armour: Robe              |     8 |     7 |    33 |     4 ||    52
  Dodge: Dodged            |    25 |    15 |    92 |    17 ||   149

Table legend: (Time is in decaauts)
 A = Elapsed time spent in this place.
 B = Non-inter-level travel time spent in this place.
 C = Inter-level travel time spent in this place.
 D = Time resting spent in this place.
 E = Time spent auto-exploring this place.
 F = Levels seen in this place.
 G = Mean time per level.
                   A        B        C        D        E       F      G
               +--------+--------+--------+--------+--------+-----+--------+
         Total |  10387 |  10115 |    272 |    112 |   8637 |  10 | 1038.7 |
       Dungeon |  10387 |  10115 |    272 |    112 |   8637 |  10 | 1038.7 |
               +--------+--------+--------+--------+--------+-----+--------+

Top non-repeatable levels by time:
     D:2: 1546 daAuts
     D:9: 1325 daAuts
     D:5: 1261 daAuts
     D:3: 1180 daAuts
     D:1: 1099 daAuts
     D:8: 1037 daAuts
     D:6: 1014 daAuts
     D:7: 960 daAuts
     D:4: 914 daAuts
    D:10: 48 daAuts
